 Dungeon Crawl Stone Soup version 0.27-a0-1196-g3e9cee4cb2 (webtiles) character file.

Game seed: 9540494860361822865

158 pilgrim the Shooter (level 5, -5/32 HPs)
             Began as a Deep Elf Hunter on May 27, 2021.
             Killed by divine providence
             ... invoked by an orc priest
              (12 damage)
             ... on level 3 of the Dungeon.
             The game lasted 00:08:56 (4524 turns).

pilgrim the Shooter (Deep Elf Hunter)               Turns: 4524, Time: 00:08:56

Health: -5/32      AC:  4    Str: 10    XL:     5   Next: 16%
Magic:  7/7        EV: 12    Int: 16    God:
Gold:   167        SH:  0    Dex: 15    Spells: 3/4 levels left

rFire    . . .     SeeInvis .   b - +0 short sword
rCold    . . .     Faith    .   (no shield)
rNeg     . . .     Spirit   .   c - +0 leather armour
rPois    .         Reflect  .   (no helmet)
rElec    .         Harm     .   i - +0 cloak
rCorr    .         Rampage  .   (no gloves)
Will     .....                  (no boots)
Stlth    ++........             h - amulet of magic regeneration
HPRegen  0.10/turn              (no ring)
MPRegen  0.35/turn              (no ring)

@: no status effects
A: no striking features
a: no special abilities


You were on level 3 of the Dungeon.
You visited 1 branch of the dungeon, and saw 3 of its levels.

You collected 167 gold pieces.

Inventory:

Hand Weapons
 a - a +1 shortbow
 b - a +0 short sword (weapon)
Missiles
 d - 3 arrows
Armour
 c - a +0 leather armour (worn)
 i - a +0 cloak (worn)
Jewellery
 h - an amulet of magic regeneration (around neck)
Scrolls
 f - a scroll of immolation {unknown}
 l - a scroll of teleportation {unknown}
 m - a scroll of holy word {unknown}
 n - 2 scrolls of fog {unknown}
 o - a scroll of identify {unknown}
Potions
 e - a potion of heal wounds {unknown}
 g - 2 potions of magic {unknown}
 j - a potion of invisibility {unknown}
 k - a potion of brilliance {unknown}
 p - a potion of haste {unknown}
 q - a potion of lignification {unknown}


   Skills:
 + Level 3.0 Fighting
 + Level 6.6 Bows
 - Level 3.0 Dodging
 - Level 3.0 Stealth


You had 3 spell levels left.
You knew the following spells:

 Your Spells              Type           Power      Damage    Failure   Level
a - Corona                Hex            0%         N/A       34%         1

Your spell library contained the following spells:

 Spells                   Type           Power      Damage    Failure   Level
 Ensorcelled Hibernation  Hex/Ice        0%         N/A       45%         2
 Confusing Touch          Hex            0%         N/A       71%         3
 Dazzling Flash           Conj/Hex       0%         N/A       71%         3
 Tukima's Dance           Hex            0%         N/A       71%         3


Dungeon Overview and Level Annotations

Branches:
Dungeon (3/15)

Altars:
Qazlal

Annotations:
D:1 exclusion: 3 jackals
D:3 exclusions: frilled lizard and ogre


Message History

You hit the orc priest.
The orc priest is lightly wounded.
The orc priest hits you with a +1 vampiric dagger.
You barely miss the orc priest.
The orc priest is lightly wounded.
The orc priest hits you with a +1 vampiric dagger.
The orc priest draws strength from your wounds!
You barely miss the orc priest.
The orc priest hits you with a +1 vampiric dagger.
You hit the orc priest.
The orc priest is moderately wounded.
The orc priest hits you with a +1 vampiric dagger.
You barely miss the orc priest.
The orc priest is moderately wounded.
The orc priest invokes the aid of Beogh against you.
You struggle to resist.
You hit the orc priest.
The orc priest is severely wounded.
The orc priest closely misses you.
You closely miss the orc priest.
The orc priest is severely wounded.
The orc priest closely misses you.
You hit the orc priest but do no damage.
The orc priest is severely wounded.
The orc priest hits you with a +1 vampiric dagger.
* * * LOW HITPOINT WARNING * * *
You hit the orc priest but do no damage.
The orc priest is severely wounded.
The orc priest barely misses you.
You hit the orc priest but do no damage.
The orc priest is severely wounded.
The orc priest hits you with a +1 vampiric dagger.
* * * LOW HITPOINT WARNING * * *
The orc priest draws strength from your wounds!
The orc priest misses you.
You hit the orc priest.
The orc priest is severely wounded.
The orc priest invokes the aid of Beogh against you.
Beogh smites you!
You die...

#..#### #.# #......
#.# ######'..... #.#
#........... #.#
#........... #.#
#........... #.#
#####.......
#.###########.......
#.o@........'.......
#.###########......#
#.# #......#
#.o).....### #.......
##.#####.#.###....###
#.# #...'....'.. #..
#.###....### ### #.#
#....# #.# #....#


You could see an orc priest.

Vanquished Creatures
  7 adders
  2 dart slugs (D:3)
  2 orcs (D:3)
  4 endoplasms
  3 giant cockroaches
  4 goblins
  12 hobgoblins
  11 jackals
  6 kobolds
  3 quokkas
  12 ball pythons
  4 bats
  5 frilled lizards
  7 rats
82 creatures vanquished.

Vanquished Creatures (others)
  A plant (D:2)
1 creature vanquished.

Grand Total: 83 creatures vanquished

Notes
Turn   | Place    | Note
-------+----------+-------------------------------------------
     0 | D:1      | pilgrim the Deep Elf Hunter began the quest for the Orb.
     0 | D:1      | Reached XP level 1. HP: 12/12 MP: 3/3
    88 | D:1      | Reached XP level 2. HP: 9/17 MP: 4/4
   843 | D:1      | Found a faded altar of an unknown god.
  1115 | D:2      | Reached XP level 3. HP: 17/21 MP: 5/5
  2155 | D:2      | Reached XP level 4. HP: 16/26 MP: 6/6
  2157 | D:2      | Reached skill level 6 in Bows
  2290 | D:2      | Learned a level 1 spell: Corona
  3050 | D:3      | Noticed an ogre
  3914 | D:3      | Reached XP level 5. HP: 29/32 MP: 7/7
  4244 | D:3      | Found a stormy altar of Qazlal.
  4524 | D:3      | Killed from afar by an orc priest

Illustrated notes

Levels and vault maps discovered:
D:1:      matt_arrival_debris, layout_basic, basic_ecumenical_altar,
          columned_hall_lemuel, minmay_split_cup_small
D:2:      kennysheep_big_flooded_room, layout_basic, serial_forest,
          infiniplex_forest_straight_3, infiniplex_forest_lined_room_,
          infiniplex_forest_clump_C, infiniplex_forest_lined_corner,
          infiniplex_forest_lined_2, infiniplex_forest_lined_room_2,
          infiniplex_forest_corner_1
D:3:      kennysheep_six_static_rooms, layout_basic,
          nicolae_qazlal_eye_of_the_storm

Skill      XL: |  1  2  3  4  5 |
---------------+----------------+-----
Stealth        | 2 3 |  3.0
Fighting       | 2 3 |  3.0
Dodging        | 3 |  3.0
Bows           | 6 |  6.6

Action                   |  1- 3 |  4- 6 || total
-------------------------+-------+-------++-------
Melee: Short sword       |    62 |   137 ||   199
 Fire: Shortbow          |    75 |    33 ||   108
 Stab: Sleeping          |     1 |     3 ||     4
Armor: Leather armour    |    25 |    39 ||    64
Dodge: Dodged            |    55 |    88 ||   143

Table legend: (Time is in decaauts)
 A = Elapsed time spent in this place.
 B = Non-inter-level travel time spent in this place.
 C = Inter-level travel time spent in this place.
 D = Time resting spent in this place.
 E = Time spent auto-exploring this place.
 F = Levels seen in this place.
 G = Mean time per level.
                   A        B        C        D        E       F      G
               +--------+--------+--------+--------+--------+-----+--------+
         Total |   4522 |   4435 |     87 |    965 |   2793 |   3 | 1507.3 |
       Dungeon |   4522 |   4435 |     87 |    965 |   2793 |   3 | 1507.3 |
               +--------+--------+--------+--------+--------+-----+--------+

Top non-repeatable levels by time:
     D:2: 1687 daAuts
     D:3: 1509 daAuts
     D:1: 1325 daAuts
